 Dungeon Crawl Stone Soup version 0.30-a0-242-g7bf8e6d787 (webtiles) character file.

Game seed: 5767441353213652442

8179 Hubris850 the Frost Mage (level 11, -1/71 HPs)
             Began as a Merfolk Ice Elementalist on Oct 11, 2022.
             Slain by Urug
             ... wielding a +0 demon trident of pain
              (12 damage)
             ... on level 10 of the Dungeon.
             The game lasted 00:32:24 (11631 turns).

Hubris850 the Frost Mage (MfIE)                    Turns: 11631, Time: 00:32:25

Health: -1/71      AC:  9    Str:  9    XL:     11   Next: 26%
Magic:  22/23      EV: 11    Int: 27    God:
Gold:   512        SH:  0    Dex: 18    Spells: 16/26 levels left

rFire   . . .      SeeInvis .    w - +6 rapier of Extinguishment {vorpal, rPois rC+}
rCold   + . .      Faith    .    (no shield)
rNeg    + + .      Spirit   .    O - +0 swamp dragon scales
rPois   +          Reflect  .    D - +0 helmet {Int+3}
rElec   .          Harm     .    (no cloak)
rCorr   .          Rampage  .    (no gloves)
Will    .....                    q - +0 pair of boots
Stlth   ++........               d - amulet of the Traitor {RegenMP rN++ Int+3}
HPRegen 0.31/turn                l - +4 ring of slaying
MPRegen 0.58/turn                P - +6 ring of intelligence

@: no status effects
A: (nimble swimmer 2), mertail
a: no special abilities


You were on level 10 of the Dungeon.
You visited 1 branch of the dungeon, and saw 10 of its levels.
You also visited: Sewer.

You collected 684 gold pieces.
You spent 172 gold pieces at shops.

Inventory:

Hand Weapons
 e - a +0 spear
 g - a +0 short sword
 j - a +2 long sword of draining
 u - a +0 falchion of flaming
 w - the +6 rapier of Extinguishment (weapon) {vorpal, rPois rC+}
   (You acquired it on level 7 of the Dungeon)

   It inflicts extra damage upon your enemies.
   rC:        It protects you from cold.
   rPois:     It protects you from poison.
 y - a +1 short sword of venom
Missiles
 r - 45 poisoned darts
Armour
 a - a +0 robe
 i - a +4 chain mail
 q - a +0 pair of boots (worn)
 D - a +0 helmet of intelligence (worn)
 F - the +0 ring mail "Emytits" {Rampage}
   (You found it on level 5 of the Dungeon)

   Rampage:   It bestows one free step when moving towards enemies.
 L - a +1 hat of willpower
 O - +0 swamp dragon scales (worn)
 T - +0 acid dragon scales
Magical Staves
 B - a staff of earth
 V - a staff of air
Jewellery
 d - the amulet of the Traitor (around neck) {RegenMP rN++ Int+3}
   (You found it on level 7 of the Dungeon)

   [amulet of magic regeneration]

   It increases your rate of magic regeneration.
   Int:       It affects your intelligence (+3).
   rN:        It greatly protects you from negative energy.
 f - a ring of fire
 l - a +4 ring of slaying (left hand)
 J - a ring of poison resistance
 P - a +6 ring of intelligence (right hand)
Wands
 n - a wand of digging (14)
 x - a wand of mindburst (12)
 N - a wand of flame (19)
 Q - a wand of charming (13)
Scrolls
 p - 2 scrolls of brand weapon
 s - 2 scrolls of immolation
 A - 3 scrolls of teleportation
 G - a scroll of vulnerability
 H - 2 scrolls of fear
 I - 2 scrolls of summoning {unknown}
 K - a scroll of blinking {unknown}
 R - a scroll of magic mapping {unknown}
 U - a scroll of butterflies {unknown}
Potions
 b - 7 potions of magic
 c - a potion of ambrosia {unknown}
 h - 7 potions of curing
 k - a potion of invisibility {unknown}
 m - a potion of flight {unknown}
 o - a potion of berserk rage {unknown}
 t - 3 potions of haste
 v - 3 potions of heal wounds {unknown}
 z - a potion of experience {unknown}
 C - 2 potions of might
 E - 3 potions of lignification {unknown}
 M - 3 potions of mutation {unknown}
 S - a potion of attraction {unknown}


   Skills:
 - Level 1.4 Fighting
 + Level 10.1 Short Blades
 - Level 1.7(6.5) Long Blades
 - Level 1.2 Polearms
 - Level 3.3 Dodging
 - Level 2.8 Stealth
 + Level 8.2 Spellcasting
 + Level 7.8 Summonings
 + Level 10.5 Ice Magic


You had 16 spell levels left.
You knew the following spells:

 Your Spells              Type           Power      Damage    Failure   Level
b - Frozen Ramparts       Ice            100%       1d16      1%          3
c - Summon Ice Beast      Ice/Summ       57%        N/A       3%          4
d - Ozocubu's Armour      Ice            61%        N/A       1%          3

Your spell library contained the following spells:

 Spells                   Type           Power      Damage    Failure   Level
 Freeze                   Ice            100%       1d10      1%          1
 Apportation              Tloc           22%        N/A       14%         1
 Sting                    Tmut/Pois      44%        1d5       14%         1
 Poisonous Vapours        Pois/Air       22%        N/A       22%         2
 Scorch                   Fire           22%        2d6       22%         2
 Animate Armour           Summ/Erth      64%        N/A       28%         4
 Stone Arrow              Conj/Erth      22%        3d8       41%         3
 Manifold Assault         Tloc           11%        N/A       82%         4
 Olgreb's Toxic Radiance  Pois           11%        N/A       82%         4
 Sticky Flame             Conj/Fire      11%        2d3       82%         4
 Alistair's Intoxication  Tmut/Pois      7%         N/A       99%         5
 Fireball                 Conj/Fire      5%         3d5       99%         5
 Dispersal                Tloc           5%         N/A       100%        6
 Iron Shot                Conj/Erth      5%         9d2       100%        6
 Disjunction              Tloc           5%         N/A       100%        8
 Lehudib's Crystal Spear  Conj/Erth      5%         10d3      100%        8


Dungeon Overview and Level Annotations

Branches:
Dungeon (10/15)            Temple (0/1) D:7           Sewer (visited)
   Lair: D:8-11         Orc: D:9-12

Altars:
Cheibriados
Elyvilon
Wu Jian

Shops:
D:1 (   D:3 [   D:4 (   D:7 *

Annotations:
D:10 Urug


Innate Abilities, Weirdness & Mutations

((You are very nimble when in or above water. (Stealth+, EV+, Speed+++)))
Your lower body shifts to a powerful aquatic tail in water.


Message History

Urug is lightly wounded.
The wall freezes Urug but does no damage.
Urug hits you with a +0 demon trident of pain!
You barely miss Urug.
Urug is lightly wounded.
The wall freezes Urug!
Urug hits you with a +0 demon trident of pain.
You puncture Urug!
Urug is moderately wounded.
Aiming: Mindburst
Press: ? - help, Shift-Dir - straight line, f - Urug
Aim: Urug, wielding a +0 demon trident of pain, wearing a +0 ring mail and quivering silver javelins (moderately wounded, ally target, chance to affect: 47%) Urug resists with some effort.
The wall freezes Urug.
Urug hits you with a +0 demon trident of pain!!
Your ice beast hits Urug but does no damage.
Aiming: Mindburst
Press: ? - help, Shift-Dir - straight line, f/p - Urug
Aim: Urug, wielding a +0 demon trident of pain, wearing a +0 ring mail and quivering silver javelins (moderately wounded, ally target, chance to affect: 47%) Urug resists with some effort.
The wall freezes Urug but does no damage.
Urug hits you with a +0 demon trident of pain!
* * * LOW HITPOINT WARNING * * *
You writhe in agony.
* * * LOW HITPOINT WARNING * * *
Your ice beast hits Urug but does no damage.
Aiming: Mindburst
Press: ? - help, Shift-Dir - straight line, f/p - Urug
Aim: Urug, wielding a +0 demon trident of pain, wearing a +0 ring mail and quivering silver javelins (moderately wounded, ally target, chance to affect: 47%) Urug's mind is blasted!
The wall freezes Urug.
Urug misses you.
Your ice beast hits Urug but does no damage.
Aiming: Mindburst
Press: ? - help, Shift-Dir - straight line, f/p - Urug
Aim: Urug, wielding a +0 demon trident of pain, wearing a +0 ring mail and quivering silver javelins (heavily wounded, not watching you, ally target, chance to affect: 47%)
Okay, then.
You catch the helpless Urug completely off-guard!
You impale Urug!!
Urug is almost dead.
The frozen ramparts melt away.
Urug hits you with a +0 demon trident of pain!
You die...

#.# #..# #.#
#... #.#
.....#..# #.#
#... #.#
##...###.#
#.#####...
#.###...o. #.#
#.........
#...##...###.#
#..[......
#####...#.....
#.# #.........
#.......##...
#.# #.........
#.###...###o##
#.# #.........
#.# #......Y@#
#.# #.......##
#.# #........#
#.###.......#
#.# #........#
#...........#
#.# #........#
#...........#
#(# #........#
#.###.......#
#.# #........#
#.# #.......#
#.#
#........###.#
#.......# #.#
#............#
#.......# #.#
#............#
#.......#


You could see Urug (ally target) and a friendly ice beast (summoned).

Vanquished Creatures
  Gastronok (D:8)
  Maggie (D:8)
  A troll (D:10)
  A merfolk (D:9)
  A wraith (D:9)
  2 wyverns
  17 yaks
  A steam dragon (D:8)
  An acid dragon (D:9)
  An ice beast (D:7)
  A sky beast (D:6)
  A black bear (D:5)
  3 centaurs
  2 phantoms (D:4)
  6 kobold brigands
  4 bullfrogs
  A necrophage (D:5)
  A scorpion (D:5)
  8 wights
  5 killer bees (D:9)
  2 electric eels (D:8)
  6 howler monkeys
  4 hounds
  2 jellies (D:5)
  An iguana (D:7)
  7 orc priests
  A gnoll bouda (D:9)
  9 orc wizards
  3 gnolls (D:9)
  8 adders
  A river rat (Sewer)
  2 white imps
  4 worms
  2 dart slugs
  34 orcs
  13 ball pythons
  17 endoplasms
  5 giant cockroaches
  10 goblins
  11 hobgoblins
  6 jackals
  7 quokkas
  3 bats
  3 frilled lizards
  15 kobolds
  11 rats
246 creatures vanquished.

Vanquished Creatures (collateral kills)
  A wight (D:6)
1 creature vanquished.

Vanquished Creatures (others)
  A plant (D:8)
1 creature vanquished.

Grand Total: 248 creatures vanquished

Notes
Turn   | Place    | Note
-------+----------+-------------------------------------------
     0 | D:1      | Hubris850 the Merfolk Ice Elementalist began the quest for
                  | the Orb.
     0 | D:1      | Reached XP level 1. HP: 13/13 MP: 3/3
    57 | D:1      | Found a faded altar of an unknown god.
   130 | D:1      | Found Vesuggor's Weapon Emporium.
   226 | D:1      | Reached XP level 2. HP: 14/20 MP: 0/5
   416 | D:1      | Reached skill level 1 in Polearms
   504 | D:1      | Reached skill level 1 in Fighting
   834 | D:1      | Reached XP level 3. HP: 26/26 MP: 6/6
   981 | D:2      | Learned a level 3 spell: Frozen Ramparts
  1389 | D:2      | Reached skill level 1 in Short Blades
  1496 | D:2      | Reached XP level 4. HP: 32/32 MP: 7/7
  2140 | D:3      | Found a glowing drain.
  2150 | D:3      | Reached XP level 5. HP: 37/37 MP: 4/8
  2165 | Sewer    | Entered a sewer
  2239 | Sewer    | Noticed a kobold brigand
  2248 | Sewer    | Killed a kobold brigand
  2249 | Sewer    | Reached skill level 5 in Ice Magic
  2320 | Sewer    | Noticed a kobold brigand
  2330 | Sewer    | Killed a kobold brigand
  2331 | Sewer    | Reached XP level 6. HP: 25/43 MP: 6/10
  2890 | Sewer    | Reached XP level 7. HP: 48/48 MP: 12/12
  3147 | D:3      | Found Todwaaca's Antique Armour Shoppe.
  3488 | D:4      | Found an ornate altar of the Wu Jian Council.
  3692 | D:4      | Reached skill level 5 in Short Blades
  4247 | D:4      | Learned a level 4 spell: Summon Ice Beast
  4278 | D:4      | Found Qunof's Antique Weapon Boutique.
  4362 | D:3      | Bought a glowing helmet for 172 gold pieces
  4457 | D:5      | Entered Level 5 of the Dungeon
  4706 | D:5      | Reached XP level 8. HP: 21/54 MP: 8/15
  4880 | D:5      | Reached skill level 1 in Summonings
  4888 | D:5      | Identified the +0 ring mail "Emytits" {Rampage}
  5006 | D:5      | Reached skill level 5 in Spellcasting
  5775 | D:6      | Noticed a yak
  5775 | D:6      | Noticed a yak
  5776 | D:6      | Noticed a yak
  5778 | D:6      | Noticed a yak
  5781 | D:6      | Killed a yak
  5786 | D:6      | Killed a yak
  5787 | D:6      | Reached XP level 9. HP: 59/59 MP: 13/17
  5802 | D:6      | Learned a level 3 spell: Ozocubu's Armour
  6604 | D:6      | Reached skill level 5 in Summonings
  6826 | D:6      | Found a snail-covered altar of Cheibriados.
  7224 | D:7      | Identified the amulet of the Traitor {RegenMP rN++ Int+3}
  7295 | D:7      | Reached skill level 1 in Long Blades
  7451 | D:7      | Found a staircase to the Ecumenical Temple.
  7579 | D:7      | Identified a scroll of acquirement
  7579 | D:7      | Acquired the +6 rapier of Extinguishment {vorpal, rPois
                  | rC+}
  7760 | D:7      | Found Qeegiu's CLEARANCE SALE!.
  8110 | D:8      | Reached XP level 10. HP: 13/64 MP: 17/19
  8387 | D:8      | Got the Octavo of Geological Incandescence
  8437 | D:8      | Noticed Gastronok
  8468 | D:8      | Killed Gastronok
  8662 | D:8      | Noticed Maggie
  8674 | D:8      | Killed Maggie
  9253 | D:8      | Found a white marble altar of Elyvilon.
  9926 | D:9      | Reached skill level 10 in Ice Magic
  9933 | D:9      | Reached XP level 11. HP: 47/71 MP: 22/22
 11073 | D:10     | Entered Level 10 of the Dungeon
 11099 | D:10     | Reached skill level 10 in Short Blades
 11618 | D:10     | Noticed Urug
 11631 | D:10     | Slain by Urug

Illustrated notes

Levels and vault maps discovered:
D:1:      erik_arrival_blinker_ship, layout_basic, serial_shops,
          nicolae_shop_bloodbath_and_beyond, basic_ecumenical_altar,
          chequers_serial_rivers_micro_e, columned_hall_lemuel
D:2:      layout_loops_ring
D:3:      layout_basic, serial_shops, nicolae_shop_waterfront,
          portal_sewer_entry_a
D:4:      layout_cave_pods, nzn_wu_jian_contemplation, serial_column_ruins,
          column_ruins_courtyard_long, column_ruins_circle_large,
          column_ruins_grid_4, column_ruins_open_small,
          column_ruins_corridor_corner, column_ruins_open_small,
          column_ruins_open_small, serial_shops, nicolae_shop_behind_doors,
          kennysheep_potato
D:5:      kennysheep_spiral_hall, layout_basic,
          hangedman_abyss_or_decor_stagger, corexii_corridor_pit
D:6:      nicolae_BIG_FREAKIN_CUBE, layout_loops_ring, kennysheep_little_box,
          grunt_ministairs_14, minmay_misc_feat_encased
D:7:      layout_basic, minmay_temple_entry_butterflies, nicolae_shop_clearance
D:8:      layout_cave_pools, nicolae_elyvilon_temple_path, uniq_gastronok,
          uniq_maggie
D:9:      layout_basic, hangedman_fish_farm
D:10:     layout_long_grid, erik_lair_dragon, nicolae_trove_entry_crystal,
          special_room [special_room_orc], uniq_urug

Skill      XL: |  1  2  3  4  5  6  7  8  9 10 11 |
---------------+----------------------------------+-----
Dodging        | 3 |  3.3
Polearms       | 1 |  1.2
Fighting       | 1 |  1.4
Short Blades   | 1 2 3 4 5 6 7 9 10 | 10.1
Spellcasting   | 3 4 5 6 7 8 |  8.2
Ice Magic      | 5 6 7 8 10 | 10.5
Summonings     | 3 5 7 |  7.8
Long Blades    | 1 |  1.7
Stealth        | |  2.8

Action                   |  1- 3 |  4- 6 |  7- 9 | 10-12 || total
-------------------------+-------+-------+-------+-------++-------
Melee: Spear             |    46 |       |       |       ||    46
       Unarmed           |     5 |       |       |       ||     5
       Punch             |     1 |     2 |     7 |     2 ||    12
       Short sword       |    61 |   120 |   235 |       ||   416
       Tailslap          |       |     7 |     1 |       ||     8
       Falchion          |       |       |    31 |       ||    31
       Rapier            |       |       |    14 |   130 ||   144
Throw: Dart              |       |       |       |     7 ||     7
 Cast: Freeze            |    20 |    14 |     4 |       ||    38
       Frozen Ramparts   |     1 |     4 |    18 |    15 ||    38
       Summon Ice Beast  |       |       |    10 |     2 ||    12
Evoke: Wand              |       |       |       |     5 ||     5
  Use: Scroll            |       |       |    11 |       ||    11
       Potion            |       |       |     2 |       ||     2
 Stab: Sleeping          |     8 |     9 |    16 |     1 ||    34
       Distracted        |       |       |       |     1 ||     1
Armor: Robe              |    21 |    12 |    44 |     2 ||    79
       Swamp dragon scal |       |       |       |    17 ||    17
Dodge: Dodged            |    70 |    62 |   129 |    53 ||   314

Table legend: (Time is in decaauts)
 A = Elapsed time spent in this place.
 B = Non-inter-level travel time spent in this place.
 C = Inter-level travel time spent in this place.
 D = Time resting spent in this place.
 E = Time spent auto-exploring this place.
 F = Levels seen in this place.
 G = Mean time per level.
                   A        B        C        D        E       F      G
               +--------+--------+--------+--------+--------+-----+--------+
         Total |  11339 |  10843 |    496 |   2122 |   6645 |  11 | 1030.8 |
       Dungeon |  10604 |  10108 |    496 |   2104 |   6113 |  10 | 1060.4 |
         Sewer |    735 |    735 |      0 |     18 |    532 |   1 |  735.0 |
               +--------+--------+--------+--------+--------+-----+--------+

Top non-repeatable levels by time:
     D:9: 1765 daAuts
     D:8: 1246 daAuts
     D:4: 1184 daAuts
     D:7: 1151 daAuts
     D:6: 1085 daAuts
     D:5: 1070 daAuts
     D:1: 933 daAuts
     D:2: 921 daAuts
   Sewer: 735 daAuts
     D:3: 694 daAuts
    D:10: 550 daAuts
